Map: Beckett Industries LE

Players

Warthog - Winner!

  • Race: Terran Terran
  • League: Master
  • Spawn Location: 7:00

llllllllllll

  • Race: Protoss Protoss
  • League: Master
  • Spawn Location: 1:00

VOD

Have the link to the VOD?

Description

Time

  • Played on: Jan. 4, 2022, 6:50 p.m.
  • Length: 2:54
Show
View Real Time Build Order
Export as new Build Order

Warthog Terran - Winner!

Build Orders:  

Get SALT Encoding   

  12  0:00  SCV  
  13  0:12  SCV  
  14  0:18  Supply Depot  
  14  0:25  SCV  
  15  0:39  SCV  
  15  0:40  Barracks  
  16  0:44  Refinery  
  16  0:51  SCV  
  17  1:04  SCV  
  18  1:21  SCV  
  19  1:31  Marine  
  20  1:40  Orbital Command  
  20  1:49  Marine  
  21  2:04  Supply Depot  
  21  2:16  SCV  
  21  2:19  Reaper  
  21  2:31  SCV  
  21  2:40  Command Center  
Show
View Real Time Build Order
Export as new Build Order

llllllllllll Protoss 

Build Orders:  

Get SALT Encoding   

  12  0:00  Probe (Chrono Boost)  
  13  0:09  Probe (Chrono Boost)  
  14  0:20  Pylon  
  14  0:21  Probe  
  15  0:38  Probe  
  15  0:40  Forge  
  16  0:50  Probe  
  17  0:59  Pylon  
  17  1:02  Probe  
  18  1:32  Gateway  
  18  1:34  Pylon  
  18  1:37  Assimilator  
  16  1:47  Probe (Chrono Boost)  
  17  1:57  Probe (Chrono Boost)  
  18  2:02  Probe (Chrono Boost)  
Tags
 
Add a new tag
Caveats
  • Supply blocks, unpowered buildings, or Contaminate may cause inaccurate times.
  • Supply counts are checked every 10 seconds.